 Dungeon Crawl Stone Soup version 0.28-a0-1504-g839a4452db (webtiles) character file.

Game seed: 15795086469434102246

106 Cheeritup the Ruffian (level 4, -1/36 HPs)
             Began as a Draconian Transmuter on Jan 13, 2022.
             Slain by Edmund (6 damage)
             ... on level 4 of the Dungeon.
             The game lasted 00:06:12 (3695 turns).

Cheeritup the Ruffian (Draconian Transmuter)        Turns: 3695, Time: 00:06:13

Health: -1/36      AC:  5    Str: 12    XL:     4   Next: 55%
Magic:  5/7        EV: 12    Int: 16    God:
Gold:   119        SH:  0    Dex: 11    Spells: 1/7 levels left

rFire   . . .      SeeInvis .     - Unarmed
rCold   . . .      Faith    .   (no shield)
rNeg    . . .      Spirit   .   (armour unavailable)
rPois   .          Reflect  .   (helmet currently unavailable)
rElec   .          Harm     .   (no cloak)
rCorr   .          Rampage  .   (no gloves)
Will    .....                   (boots currently unavailable)
Stlth   +.........              (no amulet)
HPRegen 0.12/turn               (no ring)
MPRegen 0.10/turn               (no ring)

@: appendages (expiring), wereblooded
A: horns 2, talons 2, AC +5, unfitting armour, cold-blooded
a: End Transformation


You were on level 4 of the Dungeon.
You had temporarily grown beastly horns and talons.
You visited 1 branch of the dungeon, and saw 4 of its levels.

You collected 119 gold pieces.

Inventory:

Missiles
 k - 2 poisoned darts
Scrolls
 b - 3 scrolls of identify {unknown}
 c - a scroll of enchant weapon {unknown}
 d - a scroll of magic mapping {unknown}
 e - 3 scrolls of torment {unknown}
 f - a scroll of blinking {unknown}
 h - a scroll of teleportation {unknown}
 i - a scroll of summoning {unknown}
 j - a scroll of vulnerability {unknown}
Potions
 a - 2 potions of attraction {unknown}
 g - a potion of mutation {unknown}


   Skills:
 + Level 2.3 Fighting
 - Level 1.7 Dodging
 * Level 4.1 Unarmed Combat
 - Level 2.0 Spellcasting
 * Level 3.4 Transmutations


You had one spell level left.
You knew the following spells:

 Your Spells              Type           Power      Damage    Failure   Level
a - Beastly Appendage     Tmut           24%        N/A       5%          1
b - Wereblood             Tmut           12%        N/A       8%          2
c - Spider Form           Tmut/Pois      7%         N/A       30%         3

Your spell library contained the following spells:

 Spells                   Type           Power      Damage    Failure   Level
 Animate Skeleton         Necr           2%         N/A       21%         1
 Apportation              Tloc           2%         N/A       21%         1
 Summon Small Mammal      Summ           4%         N/A       21%         1
 Confusing Touch          Hex            1%         N/A       52%         3
 Ice Form                 Ice/Tmut       7%         N/A       71%         4
 Yara's Violent Unravell  Hex/Tmut       3%         3d4       96%         5
 Enfeeble                 Hex            0%         N/A       100%        7


Dungeon Overview and Level Annotations

Branches:
Dungeon (4/15)
 Temple: D:4-7

Altars:
Hepliaklqana

Annotations:
D:4 Edmund


Innate Abilities, Weirdness & Mutations

You have temporarily grown beastly horns and talons.
Your plain brown scales are hard. (AC +5)
You cannot fit into any form of body armour.
You are cold-blooded and may be slowed by cold attacks.


Message History

The floor.
Casting: Beastly Appendage (safe; 5% risk of failure)
Confirm with . or Enter, or press ? or * to list all spells.
Your blood is infused with primal strength.
Casting: Wereblood (safe; 8% risk of failure)
Confirm with . or Enter, or press ? or * to list all spells.
You grow a pair of large bovine horns.
Your feet morph into talons.
You barely miss Edmund. Your kick misses Edmund. You headbutt Edmund.
Edmund is lightly wounded.
You barely miss Edmund. Your kick misses Edmund.
Edmund is lightly wounded.
A bullfrog skeleton comes into view.
Edmund hits you with a +0 flail of holy wrath.
You hit Edmund.
Edmund is lightly wounded.
Edmund completely misses you.
You completely miss Edmund.
Edmund is lightly wounded.
Your transformation is almost over.
Edmund hits you with a +0 flail of holy wrath!
You closely miss Edmund. Your kick misses Edmund. You headbutt Edmund!
Edmund is moderately wounded.
Edmund completely misses you.
You barely miss Edmund. Your kick misses Edmund. You tail-slap Edmund.
Edmund is heavily wounded.
Edmund barely misses you.
You hit Edmund. You headbutt Edmund.
Edmund is heavily wounded.
The bullfrog skeleton hits you. Edmund barely misses you.
The bullfrog skeleton hits you but does no damage.
You hit Edmund but do no damage.
Edmund is heavily wounded.
Edmund hits you with a +0 flail of holy wrath.
The bullfrog skeleton hits you.
You barely miss Edmund. You headbutt Edmund, but do no damage.
Edmund is heavily wounded.
The bullfrog skeleton hits you.
* * * LOW HITPOINT WARNING * * *
Edmund hits you with a +0 flail of holy wrath.
You die...

....#
....###
......
....#
....#
....#
####Z...#
#..@@...#
#.#######
.? ##


You could see Edmund and a bullfrog skeleton.

Vanquished Creatures
  4 adders
  A white imp (D:3)
  2 dart slugs
  An endoplasm (D:1)
  3 giant cockroaches
  3 goblins (D:1)
  7 hobgoblins
  4 jackals (D:1)
  4 quokkas
  9 ball pythons
  5 bats
  A frilled lizard (D:1)
  7 kobolds
  4 rats
55 creatures vanquished.

Vanquished Creatures (others)
  A plant (D:2)
1 creature vanquished.

Grand Total: 56 creatures vanquished

Notes
Turn   | Place    | Note
-------+----------+-------------------------------------------
     0 | D:1      | Cheeritup the Draconian Transmuter began the quest for the
                  | Orb.
     0 | D:1      | Reached XP level 1. HP: 16/16 MP: 3/3
   415 | D:1      | Reached XP level 2. HP: 18/23 MP: 3/5
   534 | D:1      | Learned a level 2 spell: Wereblood
  1367 | D:1      | Reached XP level 3. HP: 29/29 MP: 4/6
  1412 | D:1      | Learned a level 3 spell: Spider Form
  1776 | D:2      | Found a faded altar of an unknown god.
  1932 | D:2      | Found a hazy altar of Hepliaklqana.
  2715 | D:3      | Reached XP level 4. HP: 17/36 MP: 5/7
  3068 | D:3      | Reached skill level 4 in Unarmed Combat
  3684 | D:4      | Noticed Edmund
  3695 | D:4      | Slain by Edmund

Illustrated notes

Levels and vault maps discovered:
D:1:      ncdulo_watergridlock, layout_basic, serial_park_tiny_2,
          minmay_pentomino_z2
D:2:      layout_basic, basic_altar, ebering_ecumenical_altar_mist,
          serial_forest, infiniplex_forest_lined_room_3,
          infiniplex_forest_clump_tiny, infiniplex_forest_straight_1,
          infiniplex_forest_straight_5, infiniplex_forest_3_way,
          infiniplex_forest_join, infiniplex_forest_end_2
D:3:      layout_basic
D:4:      layout_basic, serial_forest, infiniplex_forest_clump_C,
          infiniplex_forest_lined_4_way, infiniplex_forest_clump_tiny,
          infiniplex_forest_clump_double, infiniplex_forest_straight_2,
          infiniplex_forest_clump_cross, infiniplex_forest_straight_3,
          infiniplex_forest_side_room, infiniplex_forest_lined_ring,
          interstate_on_off, uniq_natasha, uniq_menkaure, uniq_edmund

Skill      XL: |  1  2  3  4 |
---------------+-------------+-----
Transmutations | 3 |  3.4
Fighting       | 2 |  2.3
Unarmed Combat | 4 |  4.1
Dodging        | |  1.7
Spellcasting   | |  2.0

Action                   |  1- 3 |  4- 6 || total
-------------------------+-------+-------++-------
Melee: Unarmed           |   120 |    46 ||   166
       Headbutt          |    14 |    10 ||    24
       Punch             |     5 |       ||     5
       Tailslap          |     6 |     5 ||    11
       Kick              |    18 |     4 ||    22
 Cast: Beastly Appendage |    29 |    10 ||    39
       Wereblood         |       |     1 ||     1
Armor: Skin              |    48 |    12 ||    60
Dodge: Dodged            |    80 |    25 ||   105

Table legend: (Time is in decaauts)
 A = Elapsed time spent in this place.
 B = Non-inter-level travel time spent in this place.
 C = Inter-level travel time spent in this place.
 D = Time resting spent in this place.
 E = Time spent auto-exploring this place.
 F = Levels seen in this place.
 G = Mean time per level.
                   A        B        C        D        E       F      G
               +--------+--------+--------+--------+--------+-----+--------+
         Total |   3683 |   3513 |    170 |    150 |   2951 |   4 |  920.8 |
       Dungeon |   3683 |   3513 |    170 |    150 |   2951 |   4 |  920.8 |
               +--------+--------+--------+--------+--------+-----+--------+

Top non-repeatable levels by time:
     D:1: 1592 daAuts
     D:3: 1041 daAuts
     D:2: 1039 daAuts
     D:4: 10 daAuts
